AoeStats
← naphtaligrauer16

Glade

510714825Analyzed
1v1 RM · 15h ago on Oct 2, 2026· 21m 11s· 2 players
Game mode
Random Map
Map size
Tiny (2 player)
Population
200
Speed
Normal
Resources
Standard
Victory
Conquest
Starting age
Dark Age
Ending age
Imperial Age
RankedLock teamsTeams togetherTeam positionsShared explorationLock speedFull tech treeHidden civsTurbo modeCheats
Victory
Defeat
🇮🇹 Bulgarians · Italy
1551
+15
🇩🇪 Saracens · Germany
1528
-15
naphtaligrauer16
7:28 Loom
9:58 Feudal Age
13:59 Double-Bit Axe
14:57 Horse Collar
16:26 Fletching
22:32 Castle Age
trottadavide92
8:57 Loom
11:19 Feudal Age
12:10 Arson
12:24 Double-Bit Axe
17:03 Castle Age
15:56 Fletching
16:47 Scale Mail Armor
18:02 Squires
17:58 Gambesons
19:49 Chain Mail Armor
20:09 Forging
Connection lost

Rejoining the realm…

Still unreachable

The connection could not be restored.

Session expired

The server has moved on; the page needs a fresh start.